 Dungeon Crawl Stone Soup version 0.30.1-4-g462c640d31 (webtiles) character file.

Game seed: 3882118094232058760

32 growler the Scratcher (level 3, -5/15 HPs)
             Began as a Felid Transmuter on Aug 23, 2023.
             Killed from afar by Natasha (7 damage)
             ... with a magic dart
             ... on level 2 of the Dungeon.
             The game lasted 00:03:11 (963 turns).

growler the Scratcher (Felid Transmuter)             Turns: 963, Time: 00:03:12

Health: -5/15      AC:  2    Str:  6    XL:     3   Next: 8%
Magic:  5/7        EV: 20    Int: 14    God:
Gold:   58         SH:  0    Dex: 23    Spells: 0/6 levels left
                                        Lives:  0   Deaths: 0

rFire   . .          .
                       - Unarmed
rCold   . . .        (shield unavailable)
rNeg    . . .        (body armour unavailable)
rPois   x            (helmet unavailable)
rElec   .            (cloak unavailable)
rCorr   .            (gloves unavailable)
SInv    +            (boots unavailable)
Will    .....        (no amulet)
Stlth   ++           (no ring)
HPRegen 0.22/turn    (no ring)
MPRegen 0.10/turn

%: no passive effects
@: spider-form (expiring)
A: venomous fangs, tiny, (claws 1), (fangs 3), see invisible, (speed 1), (shaggy
fur 1), (stealthy paws), no weapons or thrown items, no armour, multi-lived
a: End Transformation


You were on level 2 of the Dungeon.
You were a venomous arachnid creature.
You visited 1 branch of the dungeon, and saw 2 of its levels.

You collected 58 gold pieces.

Inventory:

Scrolls
 b - a scroll of identify {unknown}
 c - a scroll of fear {unknown}
 d - a scroll of enchant armour {unknown}
 f - a scroll of teleportation {unknown}
 i - a scroll of acquirement {unknown}
 j - a scroll of magic mapping {unknown}
 k - a scroll of silence {unknown}
 l - a scroll of brand weapon {unknown}
Potions
 a - 2 potions of lignification
 e - a potion of heal wounds {unknown}
 g - a potion of invisibility {unknown}
 h - a potion of degeneration {unknown}


   Skills:
 - Level 1.0 Fighting
 - Level 2.6 Dodging
 + Level 1.9 Stealth
 + Level 3.3 Unarmed Combat
 + Level 2.4 Spellcasting
 + Level 2.7 Transmutations


You couldn't memorise any spells.
You knew the following spells:

 Your Spells              Type           Power      Damage    Failure   Level
a - Beastly Appendage     Tmut           18%        N/A       21%         1
b - Wereblood             Tmut           9%         N/A       28%         2
c - Spider Form           Tmut/Pois      5%         N/A       58%         3

Your spell library contained the following spells:

 Spells                   Type           Power      Damage    Failure   Level
 Ice Form                 Ice/Tmut       5%         N/A       91%         4


Dungeon Overview and Level Annotations

Branches:
Dungeon (2/15)

Altars:

Annotations:
D:2 Natasha


Innate Abilities, Weirdness & Mutations

You are a venomous arachnid creature.
You have venomous fangs.
You are tiny and dextrous.
Your spellcasting is less reliable in this form.
((You have sharp claws.))
((You have razor-sharp teeth.))
You have supernaturally acute eyesight. (SInv)
((You cover ground quickly. (Speed+)))
((You are covered in fur. (AC +1)))
((Your paws help you pounce on unaware monsters.))
You are incapable of wielding weapons or throwing items.
You cannot wear armour.
You gain extra lives every three experience levels.


Message History

Casting: Beastly Appendage (safe; 8% risk of failure)
Confirm with . or Enter, or press ? or * to list all spells.
The spell is astonishingly dangerous to miscast (36% risk of failure)!
Continue anyway?
Your horns disappear.
You turn into a venomous arachnid creature.
A giant cockroach and a bat come into view.
Found a short sword.
Natasha hisses angrily.
Natasha mumbles some strange words.
Natasha glows brightly for a moment.
You barely miss Natasha. The bat barely misses you.
Natasha extends her claws.
Natasha claws you!
You hit Natasha.
Natasha is lightly wounded.
The bat hits you. The bat closely misses you. Natasha claws you.
* * * LOW HITPOINT WARNING * * *
The giant cockroach closely misses you.
Unknown command.
You hit Natasha.
Natasha is poisoned.
Natasha is moderately wounded.
The bat misses you. Natasha completely misses you.
The giant cockroach misses you. The bat hits you but does no damage.
The giant cockroach attacks as you move away!
The giant cockroach misses you. The bat attacks as you move away!
The bat closely misses you. x3
Natasha attacks as you move away! Natasha misses you.
Your transformation is almost over.
Natasha casts a spell.
The bat hits you.
* * * LOW HITPOINT WARNING * * *
The bat completely misses you.
You hit Natasha.
Natasha looks even sicker.
Natasha is heavily wounded.
The bat barely misses you. Natasha barely misses you. The bat hits you.
* * * LOW HITPOINT WARNING * * *
Natasha attacks as you move away! Natasha barely misses you.
Natasha stares at you and mumbles some strange words.
The magic dart hits you!
You die...

.###...# #.#.#.#.#.........
...##### #.#.#.#.#.########
.#...## #.#.#.#†#.# #..<..
.###..#######..#...#.#.#.#
#.#### .#
##..#.......#.###.#.#.# #.# #
.# ###...# #.#...#.#.#.# #.# #
.# #...#.# #.#.#.#.#.#.# #.# #
.# #...#... #.#.#.#.#.#.# #.#
# ..
+...#...###.#s#.#.....###.####
##
#...#.......#.#...............
.#+## ###..$Bh#.###.#####.####
.. #.....5.#.# #.# #.# # ...
#.#####.#####.# #.# # ...
................ #.# #
.....#............ ... . ###
#.#........... ..# #
#...#.......) ### #


You could see Natasha (very poisoned), a cerulean imp (summoned) and a giant
cockroach.

Vanquished Creatures
  An adder (D:2)
  A dart slug (D:1)
  2 endoplasms
  3 giant cockroaches (D:1)
  3 goblins
  2 kobolds (D:2)
  A quokka (D:2)
  A ball python (D:2)
  4 bats
  A rat (D:2)
19 creatures vanquished.

Notes
Turn   | Place    | Note
-------+----------+-------------------------------------------
     0 | D:1      | growler the Felid Transmuter began the quest for the Orb.
     0 | D:1      | Reached XP level 1. HP: 9/9 MP: 4/4
   173 | D:1      | Reached skill level 1 in Stealth
   213 | D:1      | Reached XP level 2. HP: 7/12 MP: 6/6
   521 | D:1      | Found a faded altar of an unknown god.
   745 | D:2      | Reached XP level 3. HP: 5/15 MP: 5/7
   798 | D:1      | Learned a level 2 spell: Wereblood
   802 | D:1      | Learned a level 3 spell: Spider Form
   933 | D:2      | Noticed Natasha
   963 | D:2      | Killed from afar by Natasha

Illustrated notes

Levels and vault maps discovered:
D:1:      minmay_arrival_three_doors, layout_rooms,
          shapermc_ecumenical_altar_mp_ritualfount, minmay_pentomino_t4
D:2:      layout_basic, uniq_natasha

Skill      XL: |  1 |
---------------+----+-----
Stealth        | 1 |  1.9
Fighting       | |  1.0
Dodging        | |  2.6
Unarmed Combat | |  3.3
Spellcasting   | |  2.4
Transmutations | |  2.7

Action                     || total
---------------------------++-------
  Melee: Unarmed           ||    64
         Bite              ||     3
         Punch             ||     2
         Headbutt          ||     1
   Cast: Beastly Appendage ||     3
         Spider Form       ||     1
   Stab: Sleeping          ||     1
 Armour: Skin              ||     6
  Dodge: Dodged            ||    66
